SL
HARTFORD WHALERS @ ROCKY MOUNTAIN NUGGETS
07/05/2018
 
TOP OF THE 1ST
Hartford Whalers batting - Pitching for Rocky Mountain Nuggets : RHP Félix Jiménez
Pitching: RHP Félix Jiménez
Batting: RHB Roberto Ramírez 0-0: Ball
1-0: Called Strike
1-1: DOUBLE (Line Drive, 9LS)
Batting: RHB Félix Rodríguez 0-0: Ball
1-0: Ball
2-0: Ball
3-0: Base on Balls
Batting: RHB Tyrone Scott 0-0: Ball
1-0: Foul Ball, location: 2F
1-1: Ball
2-1: Ball
3-1: Fielders Choice at 2nd, 6-4 (Groundball, 6M)
Roberto Ramírez to third
Batting: SHB Robert Shelby 0-0: Called Strike
0-1: Foul Ball, location: 2F
0-2: Strikes out swinging
Batting: LHB César Durán 0-0: Ball
1-0: Called Strike
1-1: Ball
2-1: Foul Ball, location: 2F
2-2: Strikes out swinging
Top of the 1st over - 0 run(s), 1 hit(s), 0 error(s), 2 left on base; Hartford 0 - Rocky Mountain 0
BOTTOM OF THE 1ST
Rocky Mountain Nuggets batting - Pitching for Hartford Whalers : LHP Jesús Cantú
Pitching: LHP Jesús Cantú
Batting: RHB Félix Jiménez 0-0: Ball
1-0: Fly out, F8 (Flyball, 8LM)
Batting: LHB Keith McKnight 0-0: Fly out, F7 (Flyball, 7S)
Batting: RHB David Verhoeve 0-0: Called Strike
0-1: Ball
1-1: Ball
2-1: TRIPLE (Flyball, 89XD)
Batting: LHB Jason Potter 0-0: Ball
1-0: Foul Ball, location: 2F
1-1: Ground out 5-3 (Groundball, 5S)
Bottom of the 1st over - 0 run(s), 1 hit(s), 0 error(s), 1 left on base; Hartford 0 - Rocky Mountain 0
TOP OF THE 2ND
Hartford Whalers batting - Pitching for Rocky Mountain Nuggets : RHP Félix Jiménez
Batting: LHB Leonardo López 0-0: Ball
1-0: Ball
2-0: Ball
3-0: Base on Balls
Batting: RHB Dave Farr 0-0: Ball
1-0: Called Strike
Leonardo López steals 2nd base
1-1: Foul Ball, location: 2F
1-2: Hit by Pitch
Batting: RHB Dave O'Day 0-0: Called Strike
0-1: Ball
1-1: Ball
2-1: Ball
3-1: DOUBLE (Flyball, 8RM)
Leonardo López scores
Dave Farr to third
Batting: LHB Jesús Cantú 0-0: Called Strike
0-1: Ball
1-1: Ball
2-1: Foul Ball, location: 2F
2-2: SINGLE (Groundball, 2L) (infield hit)
Batting: RHB Roberto Ramírez 0-0: Swinging Strike
0-1: Swinging Strike
0-2: Strikes out looking
Batting: RHB Félix Rodríguez 0-0: Ball
1-0: SINGLE (Flyball, 89S)
Dave Farr scores
Dave O'Day to third
Jesús Cantú to second
Runner from 3rd tries for Home, throw and OUT!
Batting: RHB Tyrone Scott 0-0: Ball
1-0: Foul Ball, location: 2F
1-1: Ball
2-1: Fly out, F8 (Flyball, 8LXD)
Top of the 2nd over - 2 run(s), 3 hit(s), 0 error(s), 2 left on base; Hartford 2 - Rocky Mountain 0
BOTTOM OF THE 2ND
Rocky Mountain Nuggets batting - Pitching for Hartford Whalers : LHP Jesús Cantú
Batting: RHB Juan Ávila 0-0: Ball
1-0: Foul Ball, location: 2F
1-1: Swinging Strike
1-2: Foul Ball, location: 2F
1-2: Ball
2-2: Ball
3-2: Base on Balls
Batting: SHB Jim Morris 0-0: Fielders Choice at 2nd, 6-4 (Groundball, 6)
Batting: RHB Mark Melton 0-0: Called Strike
0-1: Ball
1-1: Ball
2-1: Ball
3-1: Foul Ball, location: 2F
3-2: Grounds into double play, 5-4-3 (Groundball, 5L)
Bottom of the 2nd over - 0 run(s), 0 hit(s), 0 error(s), 0 left on base; Hartford 2 - Rocky Mountain 0
TOP OF THE 3RD
Hartford Whalers batting - Pitching for Rocky Mountain Nuggets : RHP Félix Jiménez
Batting: SHB Robert Shelby 0-0: Called Strike
0-1: Swinging Strike
0-2: Ball
1-2: Foul Ball, location: 2F
1-2: Foul Ball, location: 2F
1-2: Ball
2-2: Ball
3-2: Base on Balls
Batting: LHB César Durán 0-0: Called Strike
0-1: Swinging Strike
0-2: Ball
1-2: Strikes out swinging
Batting: LHB Leonardo López 0-0: 2-RUN HOME RUN (Flyball, 89XD), Distance : 408 ft
Batting: RHB Dave Farr 0-0: Called Strike
0-1: Ball
1-1: Called Strike
1-2: Ground out 5-3 (Groundball, 5S)
Batting: RHB Dave O'Day 0-0: Ball
1-0: Ball
2-0: Ball
3-0: Base on Balls
Batting: LHB Jesús Cantú 0-0: Ball
1-0: Called Strike
1-1: Ball
2-1: Ball
3-1: Base on Balls
Dave O'Day to second
Batting: RHB Roberto Ramírez 0-0: Called Strike
0-1: Ball
1-1: Called Strike
1-2: Ball
2-2: Foul Ball, location: 2F
2-2: Ball
3-2: Base on Balls
Dave O'Day to third
Jesús Cantú to second
Batting: RHB Félix Rodríguez 0-0: Ball
1-0: Ball
2-0: Called Strike
2-1: Swinging Strike
2-2: Strikes out swinging
Top of the 3rd over - 2 run(s), 1 hit(s), 0 error(s), 3 left on base; Hartford 4 - Rocky Mountain 0
BOTTOM OF THE 3RD
Rocky Mountain Nuggets batting - Pitching for Hartford Whalers : LHP Jesús Cantú
Batting: RHB Harold Coffman 0-0: Ball
1-0: Called Strike
1-1: Ball
2-1: Foul Ball, location: 2F
2-2: Ball
3-2: Base on Balls
Batting: LHB Peter Paul 0-0: Called Strike
0-1: Foul Ball, location: 2F
0-2: DOUBLE (Flyball, 8LM)
Harold Coffman to third
Pinch Hitting: SHB Charles Waller 0-0: Fly out, F9 (Flyball, 89M)
Throwing error, E9
Harold Coffman scores
Peter Paul to third
Batting: LHB Keith McKnight 0-0: Ball
1-0: Called Strike
1-1: Ball
2-1: Ball
3-1: Fly out, F8 (Flyball, 8LS)
Batting: RHB David Verhoeve 0-0: Foul Ball, location: 2F
0-1: Swinging Strike
0-2: Foul Ball, location: 2F
0-2: Ball
1-2: Ball
2-2: Foul Ball, location: 2F
2-2: Ground out 5-3 (Groundball, 5S)
Bottom of the 3rd over - 1 run(s), 1 hit(s), 1 error(s), 1 left on base; Hartford 4 - Rocky Mountain 1
TOP OF THE 4TH
Hartford Whalers batting - Pitching for Rocky Mountain Nuggets : RHP Félix Jiménez
Pitching: LHP Wayne Downey
Batting: RHB Tyrone Scott 0-0: Foul Ball, location: 2F
0-1: Foul Ball, location: 2F
0-2: Ball
1-2: Fly out, F8 (Line Drive, 8LM)
Batting: SHB Robert Shelby 0-0: Ball
1-0: Ball
2-0: SINGLE (Flyball, 7S)
Batting: LHB César Durán 0-0: Swinging Strike
0-1: Foul Ball, location: 2F
0-2: Ball
1-2: Grounds into double play, 4-6-3 (Groundball, 4)
Top of the 4th over - 0 run(s), 1 hit(s), 0 error(s), 0 left on base; Hartford 4 - Rocky Mountain 1
BOTTOM OF THE 4TH
Rocky Mountain Nuggets batting - Pitching for Hartford Whalers : LHP Jesús Cantú
Batting: LHB Jason Potter 0-0: Ball
1-0: Ball
2-0: Fly out, F9 (Flyball, 89M)
Batting: RHB Juan Ávila 0-0: Ball
1-0: Fly out, F4 (Popup, 4D)
Batting: SHB Jim Morris 0-0: Swinging Strike
0-1: Foul Ball, location: 2F
0-2: SINGLE (Groundball, 4MD) (infield hit)
Batting: RHB Mark Melton 0-0: Ball
1-0: Foul Ball, location: 2F
1-1: Ball
2-1: Foul Ball, location: 2F
2-2: SINGLE (Line Drive, 56D)
Jim Morris to second
Jim Morris to third
Batting: RHB Harold Coffman 0-0: Called Strike
0-1: Foul Ball, location: 2F
0-2: Strikes out swinging
Bottom of the 4th over - 0 run(s), 2 hit(s), 0 error(s), 2 left on base; Hartford 4 - Rocky Mountain 1
TOP OF THE 5TH
Hartford Whalers batting - Pitching for Rocky Mountain Nuggets : LHP Wayne Downey
Batting: LHB Leonardo López 0-0: Called Strike
0-1: Swinging Strike
0-2: Strikes out swinging
Batting: RHB Dave Farr 0-0: Called Strike
0-1: Foul Ball, location: 2F
0-2: Ball
1-2: Foul Ball, location: 2F
1-2: Ball
2-2: Ball
3-2: Strikes out swinging
Batting: RHB Dave O'Day 0-0: Ball
1-0: Called Strike
1-1: Ball
2-1: Swinging Strike
2-2: Foul Ball, location: 2F
2-2: Ball
3-2: Foul Ball, location: 2F
3-2: Foul Ball, location: 2F
3-2: Base on Balls
Batting: LHB Jesús Cantú 0-0: SINGLE (Flyball, 8LM)
Dave O'Day to second
Runner from 2nd tries for 3rd, SAFE, no throw or cutoff
Batting: RHB Roberto Ramírez 0-0: Ball
1-0: Swinging Strike
1-1: Fly out, F5 (Line Drive, 5)
Top of the 5th over - 0 run(s), 1 hit(s), 0 error(s), 2 left on base; Hartford 4 - Rocky Mountain 1
BOTTOM OF THE 5TH
Rocky Mountain Nuggets batting - Pitching for Hartford Whalers : LHP Jesús Cantú
Batting: LHB Peter Paul 0-0: Ball
1-0: Ball
2-0: Ground out 5-3 (Groundball, 56)
Batting: RHB Wayne Downey 0-0: Foul Ball, location: 2F
0-1: Foul Ball, location: 2F
0-2: Ball
1-2: Ground out U3 (Groundball, 3L)
Batting: LHB Keith McKnight 0-0: Ball
1-0: Ball
2-0: Ball
3-0: Base on Balls
Batting: RHB David Verhoeve 0-0: Ball
1-0: Fly out, F9 (Flyball, 9D)
Bottom of the 5th over - 0 run(s), 0 hit(s), 0 error(s), 1 left on base; Hartford 4 - Rocky Mountain 1
TOP OF THE 6TH
Hartford Whalers batting - Pitching for Rocky Mountain Nuggets : LHP Wayne Downey
Batting: RHB Félix Rodríguez 0-0: DOUBLE (Line Drive, 9LM)
Batting: RHB Tyrone Scott 0-0: Ball
1-0: Fly out, F6 (Line Drive, 6M)
Batting: SHB Robert Shelby 0-0: Ball
1-0: Called Strike
1-1: Fly out, F8 (Flyball, 8RS)
Batting: LHB César Durán 0-0: Ball
1-0: Ball
2-0: SINGLE (Flyball, 8LS)
Félix Rodríguez to third
Runner from 3rd tries for Home, SAFE, throw made home
Batting: LHB Leonardo López 0-0: Ball
1-0: Foul Ball, location: 2F
1-1: Foul Ball, location: 2F
1-2: Fielders Choice at 2nd, U6 (Groundball, 6M)
Top of the 6th over - 1 run(s), 2 hit(s), 0 error(s), 1 left on base; Hartford 5 - Rocky Mountain 1
BOTTOM OF THE 6TH
Rocky Mountain Nuggets batting - Pitching for Hartford Whalers : LHP Jesús Cantú
Batting: LHB Jason Potter 0-0: Ball
1-0: Foul Ball, location: 2F
1-1: Foul Ball, location: 2F
1-2: Ground out 4-3 (Groundball, 4)
Batting: RHB Juan Ávila 0-0: Ball
1-0: Foul Ball, location: 2F
1-1: Ball
2-1: Called Strike
2-2: Fly out, F4 (Popup, 34D)
Batting: SHB Jim Morris 0-0: Called Strike
0-1: Foul Ball, location: 2F
0-2: Strikes out swinging
Bottom of the 6th over - 0 run(s), 0 hit(s), 0 error(s), 0 left on base; Hartford 5 - Rocky Mountain 1
TOP OF THE 7TH
Hartford Whalers batting - Pitching for Rocky Mountain Nuggets : LHP Wayne Downey
Pitching: RHP Carl Snyder
Batting: RHB Dave Farr 0-0: Ball
1-0: Ball
2-0: Called Strike
2-1: Ball
3-1: SINGLE (Groundball, 56)
Batting: RHB Dave O'Day 0-0: Called Strike
Dave Farr steals 2nd base
0-1: Ball
1-1: Foul Ball, location: 2F
1-2: Ball
2-2: Ground out 2-3 (Groundball, 2R)
Dave Farr to third
Pinch Hitting: RHB Mike McDonald 0-0: Called Strike
0-1: Ball
1-1: Ball
2-1: Fly out, F8 (Flyball, 89XD)
Runner from 3rd tags up, SCORES, no throw
Batting: RHB Roberto Ramírez 0-0: Ball
1-0: Called Strike
1-1: Called Strike
1-2: Strikes out swinging
Top of the 7th over - 1 run(s), 1 hit(s), 0 error(s), 0 left on base; Hartford 6 - Rocky Mountain 1
BOTTOM OF THE 7TH
Rocky Mountain Nuggets batting - Pitching for Hartford Whalers : LHP Jesús Cantú
Pitching: RHP Iván Cordero
Now at C: Julian Anthony
Batting: RHB Mark Melton 0-0: Called Strike
0-1: Ball
1-1: Foul Ball, location: 2F
1-2: Strikes out swinging
Batting: RHB Harold Coffman 0-0: Ball
1-0: Ball
2-0: Ball
3-0: Called Strike
3-1: Foul Ball, location: 2F
3-2: Ground out 5-3 (Groundball, 5S)
Batting: LHB Peter Paul 0-0: Ball
1-0: DOUBLE (Groundball, 3L)
Pinch Hitting: RHB Mike Green 0-0: Called Strike
0-1: Foul Ball, location: 2F
0-2: Ball
1-2: Strikes out swinging
Bottom of the 7th over - 0 run(s), 1 hit(s), 0 error(s), 1 left on base; Hartford 6 - Rocky Mountain 1
TOP OF THE 8TH
Hartford Whalers batting - Pitching for Rocky Mountain Nuggets : RHP Carl Snyder
Pitching: LHP Gary Thomas
Batting: RHB Félix Rodríguez 0-0: Called Strike
0-1: Ball
1-1: Fly out, F8 (Flyball, 8RM)
Batting: RHB Tyrone Scott 0-0: Ball
1-0: Ball
2-0: Ground out 6-3 (Groundball, 6)
Batting: SHB Robert Shelby 0-0: Called Strike
0-1: Ball
1-1: Called Strike
1-2: Fly out, F8 (Flyball, 8LD)
Top of the 8th over - 0 run(s), 0 hit(s), 0 error(s), 0 left on base; Hartford 6 - Rocky Mountain 1
BOTTOM OF THE 8TH
Rocky Mountain Nuggets batting - Pitching for Hartford Whalers : RHP Iván Cordero
Batting: LHB Keith McKnight 0-0: Ball
1-0: DOUBLE (Line Drive, 9LM)
Batting: RHB David Verhoeve 0-0: Called Strike
0-1: Ball
1-1: Ball
2-1: Ground out 5-3 (Groundball, 5S)
Keith McKnight to third
Pitching: RHP Juan Hernández
Batting: LHB Jason Potter 0-0: Called Strike
0-1: Ground out 4-3 (Groundball, 4M)
Keith McKnight scores
Batting: RHB Juan Ávila 0-0: Called Strike
0-1: SINGLE (Groundball, 34S)
Batting: SHB Jim Morris 0-0: Ball
1-0: Foul Ball, location: 2F
1-1: Ball
2-1: Fly out, F8 (Flyball, 8RS)
Bottom of the 8th over - 1 run(s), 2 hit(s), 0 error(s), 1 left on base; Hartford 6 - Rocky Mountain 2
TOP OF THE 9TH
Hartford Whalers batting - Pitching for Rocky Mountain Nuggets : LHP Gary Thomas
Batting: LHB César Durán 0-0: Ball
1-0: Ball
2-0: Ball
3-0: Called Strike
3-1: Base on Balls
Batting: LHB Leonardo López 0-0: Swinging Strike
0-1: Swinging Strike
0-2: Ball
1-2: Strikes out looking
Batting: RHB Dave Farr 0-0: Foul Ball, location: 2F
0-1: Called Strike
0-2: Ball
1-2: Fly out, F5 (Popup, 25)
Batting: RHB Dave O'Day 0-0: Ball
1-0: Ball
2-0: Foul Ball, location: 2F
2-1: DOUBLE (Groundball, 5L)
César Durán to third
Runner from 3rd tries for Home, SAFE, no throw or cutoff
Pinch Hitting: RHB Mal Green 0-0: Called Strike
0-1: Foul Ball, location: 2F
0-2: Ball
1-2: Ball
Wild Pitch!
Dave O'Day to third
2-2: Strikes out swinging
Top of the 9th over - 1 run(s), 1 hit(s), 0 error(s), 1 left on base; Hartford 7 - Rocky Mountain 2
BOTTOM OF THE 9TH
Rocky Mountain Nuggets batting - Pitching for Hartford Whalers : RHP Juan Hernández
Pitching: RHP Kelly Hampton
Batting: RHB Mark Melton 0-0: Called Strike
0-1: Ball
1-1: Called Strike
1-2: Ball
2-2: DOUBLE (Flyball, 7LS)
Batting: RHB Harold Coffman 0-0: Ball
1-0: 2-RUN HOME RUN (Flyball, 78XD), Distance : 434 ft
Pitching: RHP Esteban Arroyo
Batting: LHB Peter Paul 0-0: SINGLE (Flyball, 7S)
Pinch Hitting: SHB Quan Ge 0-0: Ball
1-0: Ball
2-0: Ball
3-0: Called Strike
3-1: Foul Ball, location: 2F
3-2: Fielders Choice at 2nd, 6-4 (Groundball, 6M)
Batting: LHB Keith McKnight 0-0: Ball
1-0: Ball
2-0: Called Strike
2-1: DOUBLE (Line Drive, 7LM)
Quan Ge to third
Batting: RHB David Verhoeve 0-0: Swinging Strike
0-1: Ball
1-1: Ball
2-1: Ball
3-1: Called Strike
3-2: Base on Balls
Batting: LHB Jason Potter 0-0: Ball
Wild Pitch!
Quan Ge scores
Keith McKnight to third
David Verhoeve to second
1-0: Ball
2-0: Foul Ball, location: 2F
2-1: Foul Ball, location: 2F
2-2: Strikes out swinging
Batting: RHB Juan Ávila 0-0: Ball
1-0: Ball
2-0: 3-RUN HOME RUN (Flyball, 7LD), Distance : 342 ft
This league is powered by Out of the Park Baseball, the baseball management simulation game for PC, Mac and Linux
Monday, May 4th, 2015 - OOTP Baseball 15.6 Build 34